 Dungeon Crawl Stone Soup version 0.31-a0-152-g6aa68a64a1 (webtiles) character file.

Game seed: 1776971869635959563

1807 Hajna the Cleaver (level 9, 0/78 HPs)
             Began as a Hill Orc Fighter on June 11, 2023.
             Was a Believer of Beogh.
             Slain by a sixfirhy (12 damage)
             ... on level 6 of the Dungeon.
             The game lasted 00:17:03 (4745 turns).

Hajna the Cleaver (Hill Orc Fighter)                Turns: 4745, Time: 00:17:05

Health: 0/78       AC: 15    Str: 23    XL:     9   Next: 9%
Magic:  9/9        EV:  7    Int:  8    God:    Beogh [**....]
Gold:   141        SH:  5    Dex: 10    Spells: 9/10 levels left

rFire   . . .        a - +0 war axe
rCold   . . .        c - +0 buckler
rNeg    + . .        H - +0 plate armour
rPois   +            (helmet restricted)
rElec   .            s - +0 cloak
rCorr   .            g - +0 pair of gloves
SInv    .            (no boots)
Will    .....        (no amulet) Stlth
                     f - ring of positive energy
HPRegen 0.33/turn    x - ring of poison resistance
MPRegen 0.11/turn

%: no passive effects
@: no status effects
A: beak, talons 1, low MP 1
a: Renounce Religion, Smiting


You were on level 6 of the Dungeon.
You worshipped Beogh.
Beogh was pleased with you.
You visited 1 branch of the dungeon, and saw 7 of its levels.

You collected 333 gold pieces.
You spent 192 gold pieces at shops.

Inventory:

Hand Weapons
 a - a +0 war axe (weapon)
 D - a +0 trident of flaming
Missiles
 k - 6 curare-tipped darts
 L - 3 poisoned darts
Armour
 b - a +0 scale mail
 c - a +0 buckler (worn)
 g - a +0 pair of gloves (worn)
 q - a +0 pair of gloves
 s - a +0 cloak (worn)
 u - a +0 animal skin
 v - a +0 helmet
 y - a +0 pair of boots
 H - a +0 plate armour (worn)
Jewellery
 f - a ring of positive energy (left hand)
 m - a ring of fire
 r - a ring of ice
 x - a ring of poison resistance (right hand)
 B - a ring of flight
 M - an amulet of guardian spirit
Wands
 e - a wand of digging (2)
Scrolls
 h - a scroll of fog
 j - a scroll of fear
 o - a scroll of teleportation
 t - 3 scrolls of poison {unknown}
 w - a scroll of enchant armour {unknown}
 C - a scroll of noise {unknown}
 E - 2 scrolls of blinking {unknown}
 G - 4 scrolls of magic mapping {unknown}
Potions
 d - a potion of might
 p - 2 potions of lignification {unknown}
 z - a potion of brilliance {unknown}
 A - 3 potions of resistance {unknown}
 F - a potion of magic {unknown}
 I - a potion of enlightenment {unknown}
 J - a potion of cancellation {unknown}
 K - 5 potions of curing


   Skills:
 + Level 6.8 Fighting
 + Level 10.0 Axes
 + Level 5.6 Armour
 + Level 2.6 Dodging
 + Level 1.2 Stealth
 + Level 5.2 Shields
 + Level 1.0 Spellcasting
 + Level 1.1 Hexes


You had 9 spell levels left.
You knew the following spells:

 Your Spells              Type           Power      Damage    Failure   Level
a - Slow                  Hex            8%         N/A       99%         1

Your spell library contained the following spells:

 Spells                   Type           Power      Damage    Failure   Level
 Confusing Touch          Hex            2%         N/A       100%        3
 Frozen Ramparts          Ice            0%         1d1       100%        3
 Inner Flame              Hex/Fire       1%         N/A       100%        3
 Vampiric Draining        Necr           0%         2d6       100%        3
 Flame Wave               Conj/Fire      0%         2d4       100%        4
 Ice Form                 Ice/Tmut       0%         N/A       100%        4
 Sticky Flame             Conj/Fire      0%         2d3       100%        4
 Summon Ice Beast         Ice/Summ       0%         N/A       100%        4


Dungeon Overview and Level Annotations

Branches:
Dungeon (7/15)
 Temple: D:4-7

Altars:
Qazlal

Shops:
D:5 !

Annotations:
D:6 1 transporter, grizmgrazm2's ghost, novice TrFi


Innate Abilities, Weirdness & Mutations

You have a beak for a mouth.
You have sharp toenails.
Your magical capacity is low. (-10% MP)


Message History

You hit the frilled lizard.
You kill the frilled lizard!
Beogh accepts your kill.
The frilled lizard's shape twists and changes as it dies.
The sixfirhy hits you! The sixfirhy shocks you!
The sixfirhy closely misses you.
You closely miss the sixfirhy. Your peck misses the sixfirhy.
The sixfirhy hits you but does no damage. x2
You miss the sixfirhy. Your kick misses the sixfirhy. You hit the sixfirhy.
Your peck misses the sixfirhy.
The sixfirhy is lightly wounded.
Press: ? - help, . - travel You can't see that place. [the floor.] Unknown command.
You completely miss the sixfirhy. Your kick misses the sixfirhy.
The sixfirhy hits you. The sixfirhy shocks you! The sixfirhy hits you.
The sixfirhy shocks you! The sixfirhy hits you!
* * * LOW HITPOINT WARNING * * *
The sixfirhy shocks you!
* * * LOW HITPOINT WARNING * * *
The sixfirhy barely misses you.
You feel much better. The sixfirhy hits you. The sixfirhy shocks you!
* * * LOW HITPOINT WARNING * * *
The sixfirhy hits you but does no damage.
The sixfirhy barely misses you. The sixfirhy hits you.
* * * LOW HITPOINT WARNING * * *
The sixfirhy shocks you!
* * * LOW HITPOINT WARNING * * *
You feel much better.
You slash the sixfirhy! You claw the sixfirhy. Your peck misses the sixfirhy.
The sixfirhy is moderately wounded.
You miss the sixfirhy. Your kick misses the sixfirhy.
The sixfirhy is moderately wounded.
The sixfirhy hits you! The sixfirhy shocks you!
* * * LOW HITPOINT WARNING * * *
The sixfirhy hits you.
* * * LOW HITPOINT WARNING * * *
The sixfirhy shocks you!
You die...

#.......##.#.#......##.#
#.......##.#.#......##.#
#.......##.#.......###.#
####.......#.......###.###
#.#....................
#.#....©...............
#.#...###.......####...
#.#..##©###...###..#...
#.#..#@## #..##..###...
#.#..##3# ####..# #....
#.....##.# ....#..##...
#.#....##.#..#.##.x##..
#.#.....#...3$..#..5#..
#.#...###...###.#^.##..
#.#..## . ###.##.. #...
#.#..#:#.##....#..##...
#.#..#..##...###.#.##..


You could see a sixfirhy.

Vanquished Creatures
  An orc warrior (D:7)
  4 ice beasts
  2 black bears
  A sky beast (D:6)
  2 centaurs
  2 phantoms
  A kobold brigand (D:6)
  4 wights (D:5)
  A hound (D:4)
  2 orc priests
  2 jellies (D:5)
  Terence (D:2)
  2 iguanas
  2 orc wizards
  Robin (D:3)
  2 adders (D:4)
  A shadow imp (D:6)
  An ufetubus (D:4)
  A worm (D:2)
  6 dart slugs
  17 orcs
  9 bats
  5 endoplasms
  3 giant cockroaches (D:3)
  16 goblins
  10 hobgoblins
  16 jackals
  15 kobolds
  5 quokkas
  8 ball pythons
  A frilled lizard (shapeshifter) (D:6)
  2 frilled lizards (D:1)
  3 rats
149 creatures vanquished.

Vanquished Creatures (others)
  A worm (D:4)
  3 orcs (D:4)
  2 quokkas (D:4)
6 creatures vanquished.

Grand Total: 155 creatures vanquished

Notes
Turn   | Place    | Note
-------+----------+-------------------------------------------
     0 | D:1      | Hajna the Hill Orc Fighter began the quest for the Orb.
     0 | D:1      | Reached XP level 1. HP: 19/19 MP: 1/1
    83 | D:1      | Found a faded altar of an unknown god.
    98 | D:1      | Reached skill level 3 in Axes
    98 | D:1      | Reached XP level 2. HP: 20/27 MP: 2/2
   180 | D:1      | Reached XP level 3. HP: 28/33 MP: 3/3
   680 | D:2      | Noticed Terence
   708 | D:2      | Killed Terence
   709 | D:2      | Reached skill level 4 in Axes
   709 | D:2      | Reached XP level 4. HP: 17/40 MP: 4/4
  1295 | D:3      | Noticed Robin
  1316 | D:3      | Killed Robin
  1317 | D:3      | Reached XP level 5. HP: 36/47 MP: 5/5
  1401 | D:3      | Learned a level 1 spell: Slow
  1521 | D:3      | Noticed a phantom
  1528 | D:3      | Killed a phantom
  1529 | D:3      | Reached skill level 5 in Axes
  1646 | D:3      | Found a stormy altar of Qazlal.
  1647 | D:3      | Noticed a water elemental
  1650 | D:3      | Noticed an air elemental
  1650 | D:3      | Noticed a fire elemental
  2033 | D:4      | Gained mutation: Your mind is acute. (Int +4, Str/Dex -1)
                  | [potion of mutation]
  2034 | D:4      | Lost mutation: Your mind is acute. (Int +4, Str/Dex -1)
                  | [potion of mutation]
  2034 | D:4      | Gained mutation: You have sharp toenails. [potion of
                  | mutation]
  2034 | D:4      | Gained mutation: You are dopey. (Int -2) [potion of
                  | mutation]
  2034 | D:4      | Gained mutation: You occasionally lose the ability to read
                  | scrolls when taking damage. [potion of mutation]
  2034 | D:4      | Gained mutation: Your spells are a little harder to cast,
                  | but a little more powerful. [potion of mutation]
  2035 | D:4      | Lost mutation: Your spells are a little harder to cast, but
                  | a little more powerful. [potion of mutation]
  2035 | D:4      | Lost mutation: You are dopey. (Int -2) [potion of mutation]
  2035 | D:4      | Lost mutation: You occasionally lose the ability to read
                  | scrolls when taking damage. [potion of mutation]
  2035 | D:4      | Gained mutation: Your magical capacity is low. (-10% MP)
                  | [potion of mutation]
  2035 | D:4      | Gained mutation: You have a beak for a mouth. [potion of
                  | mutation]
  2082 | D:4      | Reached XP level 6. HP: 47/55 MP: 4/5
  2144 | D:4      | Became a worshipper of Beogh the Brigand
  2392 | D:4      | Reached skill level 6 in Axes
  2392 | D:4      | Reached skill level 1 in Dodging
  2556 | D:4      | Noticed a black bear
  2562 | D:4      | Killed a black bear
  2563 | D:4      | Reached skill level 1 in Hexes
  2762 | D:4      | Reached skill level 5 in Fighting
  2889 | D:4      | Reached XP level 7. HP: 57/61 MP: 7/7
  3060 | D:4      | You fall into a shaft and drop 1 floor!
  3060 | D:5      | Entered Level 5 of the Dungeon
  3224 | D:5      | Reached * piety under Beogh
  3225 | D:5      | Reached skill level 7 in Axes
  3233 | D:5      | Reached skill level 1 in Spellcasting
  3251 | D:5      | HP: 1/61 [iguana (9)]
  3479 | D:5      | Found Nuatalaer's Distillery.
  3488 | D:5      | Bought a potion of curing for 36 gold pieces
  3488 | D:5      | Bought a potion of heal wounds for 60 gold pieces
  3488 | D:5      | Bought a potion of curing for 36 gold pieces
  3488 | D:5      | Bought a potion of heal wounds for 60 gold pieces
  3548 | D:5      | Reached skill level 1 in Stealth
  3623 | D:5      | Reached skill level 8 in Axes
  3623 | D:5      | Reached XP level 8. HP: 70/70 MP: 8/8
  4152 | D:6      | Reached skill level 9 in Axes
  4152 | D:6      | Reached skill level 5 in Shields
  4302 | D:6      | Reached skill level 5 in Armour
  4414 | D:7      | Reached XP level 9. HP: 19/78 MP: 9/9
  4422 | D:6      | Reached ** piety under Beogh
  4628 | D:6      | Found a transporter.
  4637 | D:6      | Noticed a black mamba
  4644 | D:6      | Noticed a sixfirhy
  4673 | D:6      | Found a transporter.
  4682 | D:6      | Noticed grizmgrazm2's ghost (novice TrFi)
  4726 | D:6      | Reached skill level 10 in Axes
  4745 | D:6      | Slain by a sixfirhy

Illustrated notes

Levels and vault maps discovered:
D:1:      zelgadis_glass_arrival_small, layout_basic,
          shapermc_ecumenical_altar_mp_ritualfount
D:2:      layout_basic, uniq_terence
D:3:      layout_basic, nicolae_qazlal_style_of_elements, uniq_robin
D:4:      layout_cave_pods, mrwooster_statue_mirror, minmay_between
D:5:      layout_loops_ring, serial_shops, shop, kennysheep_generic_room_6
D:6:      nicolae_whirlpool, layout_basic, gammafunk_ghost_abyssal_escape,
          uniq_blork_the_orc
D:7:      layout_loops_cross, minmay_temple_entry_slanted

Skill      XL: |  1  2  3  4  5  6  7  8  9 |
---------------+----------------------------+-----
Axes           | 3 4 5 6 8 9 10 | 10.0
Fighting       | 4 5 6 |  6.8
Armour         | 4 5 |  5.6
Dodging        | 1 2 |  2.6
Hexes          | 1 |  1.1
Shields        | 4 5 |  5.2
Spellcasting   | 1 |  1.0
Stealth        | 1 |  1.2

Action                     |  1- 3 |  4- 6 |  7- 9 || total
---------------------------+-------+-------+-------++-------
  Melee: War axe           |    83 |   180 |   157 ||   420
         Kick              |       |    17 |    33 ||    50
         Peck              |       |     6 |    31 ||    37
   Cast: Slow              |       |     8 |       ||     8
 Invoke: Convert to Beogh  |       |     1 |       ||     1
    Use: Potion            |       |     4 |     5 ||     9
         Scroll            |       |     2 |     5 ||     7
   Stab: Sleeping          |       |     1 |       ||     1
 Armour: Scale mail        |    65 |    60 |       ||   125
         Animal skin       |       |    45 |     9 ||    54
         Plate armour      |       |       |    73 ||    73
  Dodge: Dodged            |    66 |   123 |    46 ||   235
  Block: Buckler           |    26 |    43 |    40 ||   109

Table legend: (Time is in decaauts)
 A = Elapsed time spent in this place.
 B = Non-inter-level travel time spent in this place.
 C = Inter-level travel time spent in this place.
 D = Time resting spent in this place.
 E = Time spent auto-exploring this place.
 F = Levels seen in this place.
 G = Mean time per level.
                   A        B        C        D        E       F      G
               +--------+--------+--------+--------+--------+-----+--------+
         Total |   4837 |   4739 |     98 |      0 |   3691 |   7 |  691.0 |
       Dungeon |   4837 |   4739 |     98 |      0 |   3691 |   7 |  691.0 |
               +--------+--------+--------+--------+--------+-----+--------+

Top non-repeatable levels by time:
     D:4: 1048 daAuts
     D:5: 934 daAuts
     D:3: 857 daAuts
     D:6: 753 daAuts
     D:1: 700 daAuts
     D:2: 530 daAuts
     D:7: 12 daAuts
